Map: Dusk Towers

Players

Fropez

  • Race: Protoss Protoss
  • League: Silver
  • Spawn Location: 7:00

ChaoTropic - Winner!

  • Race: Terran Terran
  • League: Silver
  • Spawn Location: 1:00

VOD

Have the link to the VOD?

Description

Time

  • Played on: May 9, 2016, 6:19 p.m.
  • Length: 13:06
Show
View Real Time Build Order
Export as new Build Order

Fropez Protoss 

Build Orders: Oracle Opening 

Get SALT Encoding   

  12  0:01  Probe (Chrono Boost)  
  13  0:14  Pylon  
  13  0:24  Probe (Chrono Boost)  
  14  0:36  Gateway  
  14  0:42  Pylon  
  14  0:47  Probe (Chrono Boost)  
  15  0:52  Assimilator  
  15  0:58  Probe (Chrono Boost)  
  16  1:08  Probe (Chrono Boost)  
  17  1:19  Probe (Chrono Boost)  
  17  1:21  Pylon  
  18  1:29  Probe (Chrono Boost)  
  18  1:45  Pylon, Assimilator  
  18  1:48  Probe (Chrono Boost)  
  18  1:49  Cybernetics Core  
  19  1:58  Probe (Chrono Boost)  
  20  2:09  Probe (Chrono Boost)  
  21  2:20  Probe (Chrono Boost)  
  22  2:28  Stargate  
  22  2:35  Mothership Core (Chrono Boost)  
  24  2:44  Warp Gate (Chrono Boost)  
  24  2:48  Adept  
  26  2:53  Probe (Chrono Boost)  
  27  3:07  Probe  
  28  3:13  Nexus  
  28  3:19  Adept  
  30  3:25  Oracle  
  33  3:33  Probe  
  34  3:45  Probe  
  35  3:53  Pylon  
  35  3:56  Adept  
  35  3:58  Probe  
  35  4:01  Oracle  
  41  4:10  Probe  
  40  4:49  Probe  
  40  4:50  Probe  
  42  4:59  Gateway  
  42  5:01  Gateway  
  42  5:04  Gateway  
  42  5:05  Gateway  
  42  5:09  Twilight Council, Probe x2  
  44  5:19  Assimilator  
  44  5:22  Pylon  
  44  5:24  Probe  
  44  5:25  Probe  
  44  5:26  Assimilator  
  46  5:34  Probe  
  46  5:37  Probe, Oracle  
  51  5:47  Resonating Glaives  
  51  5:53  Probe x2  
  53  6:05  Adept x2  
  53  6:06  Adept x3  
  63  6:15  Probe  
  63  6:17  Probe  
  65  6:26  Probe  
  65  6:27  Oracle  
  65  6:29  Probe  
  70  6:37  Probe  
  71  6:41  Probe  
  71  6:42  Forge  
  71  6:47  Forge  
  72  6:50  Adept x3  
  72  6:51  Pylon  
  78  7:50  Probe  
  78  7:52  Probe  
  80  8:08  Adept  
  80  8:09  Adept x2, Nexus  
  80  8:11  Assimilator  
  86  8:13  Protoss Ground Armor Level 1 (Chrono Boost)  
  86  8:16  Assimilator  
  86  8:18  Pylon  
  86  8:21  Pylon  
  86  8:23  Pylon  
  86  8:30  Protoss Ground Weapons Level 1 (Chrono Boost)  
  80  8:38  Dark Shrine  
  66  9:25  Probe  
  66  9:26  Probe x2  
  69  9:47  Robotics Facility  
  69  9:50  Robotics Facility  
  69  9:51  Photon Cannon  
  69  9:53  Photon Cannon  
  69  9:54  Pylon  
  69  9:55  Probe  
  69  9:59  Pylon, Dark Templar x5  
  80  10:05  Protoss Ground Weapons Level 2 (Chrono Boost)  
  80  10:09  Probe x2  
  80  10:10  Probe  
  83  10:16  Protoss Ground Armor Level 2 (Chrono Boost)  
  77  10:41  Robotics Bay  
  77  10:43  Stalker x2  
  77  10:44  Stalker x3  
  77  10:46  Pylon, Immortal (Chrono Boost)  
  77  10:47  Immortal (Chrono Boost)  
  95  10:56  Photon Cannon  
  95  10:57  Pylon  
  95  11:07  Gateway  
  95  11:10  Gateway x2  
  95  11:12  Gateway  
  95  11:33  Gateway  
  101  11:42  Zealot x5  
  117  11:53  Probe x2  
  89  12:03  Dark Templar x3  
  89  12:04  Dark Templar x2  
Show
View Real Time Build Order
Export as new Build Order

ChaoTropic Terran - Winner!

Build Orders: Command Center First (CC), MMM Bio 

Get SALT Encoding   

  12  0:01  SCV  
  13  0:13  SCV  
  14  0:20  Supply Depot  
  14  0:28  SCV  
  15  0:41  SCV  
  16  0:54  SCV  
  17  1:06  SCV  
  17  1:10  Command Center  
  18  1:20  Barracks  
  18  1:22  SCV  
  19  1:46  SCV  
  20  1:54  Supply Depot  
  20  1:57  Refinery  
  20  2:00  Refinery  
  20  2:02  SCV  
  21  2:21  SCV  
  22  2:38  Barracks  
  22  2:40  Barracks  
  22  2:57  Engineering Bay  
  22  2:58  Engineering Bay  
  22  3:02  SCV  
  23  3:05  SCV  
  23  3:20  Orbital Command  
  23  3:22  Barracks Tech Lab  
  23  3:27  Marine  
  23  3:28  Marine  
  25  3:37  Missile Turret  
  25  3:45  Missile Turret  
  25  3:49  SCV  
  26  3:58  Barracks Tech Lab  
  26  4:00  Barracks Reactor  
  26  4:03  Terran Infantry Weapons Level 1  
  26  4:04  SCV  
  26  4:07  SCV  
  28  4:31  Marine x2  
  29  4:43  Marine x2  
  29  4:44  Combat Shields  
  31  4:45  Stimpack  
  31  4:54  Factory  
  31  4:55  Marauder  
  33  5:00  SCV  
  33  5:06  Marine x2  
  36  5:10  Terran Infantry Armor Level 1  
  36  5:15  Supply Depot  
  36  5:18  SCV  
  36  5:19  SCV  
  38  5:26  Marauder  
  40  5:31  SCV  
  40  5:32  SCV  
  40  5:35  Marine x2  
  44  5:36  Marauder  
  46  5:44  Factory Reactor, Supply Depot  
  46  6:07  Starport  
  46  6:09  Barracks  
  46  6:15  Concussive Shells, Barracks  
  46  6:18  Marine x2, Marauder x2  
  52  6:19  SCV  
  52  6:21  SCV  
  54  6:31  Missile Turret  
  54  6:38  Missile Turret  
  54  6:40  SCV  
  54  6:44  Marine  
  54  6:45  Marine  
  57  6:55  Barracks  
  57  7:00  Orbital Command  
  57  7:03  Marine x2  
  59  7:11  Refinery  
  59  7:12  Refinery  
  59  7:14  Medivac  
  61  7:32  Supply Depot  
  61  7:34  Supply Depot  
  61  7:50  Barracks Reactor x2  
  61  7:53  Marine x2, Barracks Tech Lab  
  61  7:54  Marauder x2  
  61  7:55  Barracks Tech Lab  
  67  7:58  Medivac  
  67  8:00  Medivac  
  71  8:06  Supply Depot  
  71  8:07  Supply Depot  
  71  8:13  Armory  
  71  8:15  Marauder  
  71  8:16  Marauder  
  75  8:25  Sensor Tower  
  75  9:04  SCV  
  75  9:08  Marine x2, Marauder  
  75  9:09  Marine x2, Marauder  
  84  9:10  Marauder  
  84  9:11  Marauder  
  85  9:27  Missile Turret  
  85  9:31  Missile Turret  
  85  9:35  Missile Turret  
  85  9:36  Terran Infantry Armor Level 2, Terran Infantry Weapons Level 2  
  85  9:47  Marine  
  85  9:48  Marine x2  
  85  9:49  Marine, Marauder  
  91  10:10  Supply Depot  
  91  10:13  Supply Depot  
  91  10:17  Missile Turret  
  91  10:31  Medivac  
  91  10:32  Medivac  
  95  10:43  Marine x2, Supply Depot  
  95  10:44  Marine x3  
  95  10:45  Marine  
  95  10:46  Marine x2  
  103  10:51  Terran Ship Weapons Level 1  
  103  11:04  Marine x3  
  103  11:05  Marine x3  
  103  11:06  Marine x2  
  111  11:27  Command Center  
  111  11:31  Marine  
  111  11:32  Marine x3  
  115  11:44  Missile Turret  
Tags
 
Add a new tag
Caveats
  • Supply blocks, unpowered buildings, or Contaminate may cause inaccurate times.
  • Supply counts are checked every 10 seconds.